 Dungeon Crawl Stone Soup version 0.29-a0-824-gd827844252 (webtiles) character file.

Game seed: 12746587032111020268

113635 buhh the Timeless (level 16, -5/136 HPs)
             Began as an Octopode Transmuter on July 9, 2022.
             Was a High Priest of Cheibriados.
             Shot with an arrow by Nessos (7 damage)
             ... on level 15 of the Dungeon.
             The game lasted 00:28:35 (34444 turns).

buhh the Timeless (Octopode Transmuter)            Turns: 34444, Time: 00:28:36

Health: -5/136     AC: 12    Str: 20    XL:     16   Next: 63%
Magic:  23/26      EV: 25    Int: 33    God:    Cheibriados [*****.]
Gold:   2829       SH:  0    Dex: 37    Spells: 14/29 levels left

rFire   x . .      SeeInvis +     - Unarmed
rCold   + + +      Faith    .   (shield currently unavailable)
rNeg    + . .      Spirit   .   (helmet currently unavailable)
rPois   +          Reflect  .   b - amulet of magic regeneration
rElec   .          Harm     .   A - ring of see invisible
rCorr   .          Rampage  .   e - ring of the Lizard {Fly Slay+4}
Will    +++..                   C - ring of positive energy
Stlth   +++.......              f - ring of wizardry
HPRegen 0.32/turn               R - +6 ring of dexterity
MPRegen 0.60/turn               U - ring of willpower
                                i - +6 ring of dexterity
                                D - ring of willpower

@: ice-form, flying, very slow
A: freezing attack, boosted hp, almost no armour, amphibious, 8 rings, large,
(camouflage 1), (gelatinous body 1), (nimble swimmer 1), (tentacles),
(iridescent scales 1), mutation resistance 1
a: End Transformation, Renounce Religion, Bend Time, Temporal Distortion,
Slouch, Step From Time


You were on level 15 of the Dungeon.
You worshipped Cheibriados.
Cheibriados was extremely pleased with you.
You were a creature of crystalline ice.
You visited 5 branches of the dungeon, and saw 27 of its levels.
You also visited: Sewer.

You collected 4790 gold pieces.
You spent 1961 gold pieces at shops.

Inventory:

Armour
 c - a +1 buckler of reflection
Magical Staves
 V - a staff of air
Jewellery
 b - an amulet of magic regeneration (around neck)
 d - a +4 ring of evasion
 e - the ring of the Lizard (right front paw) {Fly Slay+4}
   (You acquired it on level 12 of the Dungeon)

   [ring of slaying]

   Slay:      It affects your accuracy & damage with ranged weapons and melee
   (+4).
   Fly:       It grants you flight.
 f - a ring of wizardry (on tentacle)
 i - a +6 ring of dexterity (on tentacle)
 r - an amulet of guardian spirit
 s - a ring of protection from cold
 A - a ring of see invisible (left front paw)
 C - a ring of positive energy (on tentacle)
 D - a ring of willpower (on tentacle)
 F - an amulet of the acrobat
 L - a ring of willpower
 R - a +6 ring of dexterity (on tentacle)
 S - a ring of poison resistance
 U - a ring of willpower (on tentacle)
Wands
 m - a wand of polymorph (12)
 t - a wand of mindburst (11)
 v - a wand of digging (2)
 z - a wand of charming (21)
 G - a wand of roots (23)
 M - a wand of acid (4)
 P - a wand of flame (13)
Scrolls
 g - a scroll of fog
 k - 2 scrolls of brand weapon
 l - 14 scrolls of teleportation {!d}
 n - 3 scrolls of immolation {!d}
 x - 7 scrolls of noise
 y - 8 scrolls of identify {!d}
 B - 4 scrolls of blinking {!d}
 E - 3 scrolls of magic mapping {!r!d}
 J - 5 scrolls of enchant armour
 K - 3 scrolls of silence {!r}
 T - 2 scrolls of amnesia
 X - a scroll of fear {!r}
 Y - 2 scrolls of vulnerability
Potions
 a - 2 potions of invisibility {!q!d}
 h - 4 potions of brilliance {!q!d}
 j - 2 potions of ambrosia {!q!d}
 o - 4 potions of lignification {!d}
 p - a potion of cancellation {!q!d}
 q - 3 potions of mutation {!d}
 u - 3 potions of attraction
 w - 5 potions of haste {!q!d}
 H - 3 potions of flight
 I - 4 potions of resistance {!q!d}
 N - 10 potions of curing {!q!d}
 O - a potion of heal wounds {!q!d}
 Q - 4 potions of might
 W - 2 potions of magic {!q!d}
Miscellaneous
 Z - a phial of floods


   Skills:
 - Level 12.0 Fighting
 - Level 12.0 Dodging
 - Level 2.0 Stealth
 - Level 12.0 Unarmed Combat
 * Level 7.1 Spellcasting
 - Level 5.3 Conjurations
 - Level 10.0 Translocations
 - Level 12.0 Transmutations
 - Level 5.0 Ice Magic
 - Level 2.0 Poison Magic
 - Level 13.0 Invocations


You had 14 spell levels left.
You knew the following spells:

 Your Spells              Type           Power      Damage    Failure   Level
a - Beastly Appendage     Tmut           100%       N/A       1%          1
b - Wereblood             Tmut           75%        N/A       1%          2
c - Spider Form           Tmut/Pois      55%        N/A       1%          3
d - Ice Form              Ice/Tmut       62%        N/A       1%          4
e - Irradiate             Conj/Tmut      31%        3d23      1%          5

Your spell library contained the following spells:

 Spells                   Type           Power      Damage    Failure   Level
 Sandblast                Erth           22%        2d7       1%          1
 Blink                    Tloc           100%       N/A       1%          2
 Passwall                 Tmut/Erth      42%        N/A       1%          2
 Poisonous Vapours        Pois/Air       36%        N/A       1%          2
 Static Discharge         Conj/Air       29%        3-7/arc   1%          2
 Conjure Flame            Conj/Fire      29%        6-21      1%          3
 Dazzling Flash           Conj/Hex       58%        N/A       1%          3
 Ignite Poison            Fire/Tmut/Pois 42%        N/A       1%          3
 Lesser Beckoning         Tloc           67%        N/A       1%          3
 Portal Projectile        Hex/Tloc       88%        N/A       1%          3
 Stone Arrow              Conj/Erth      58%        3d10      1%          3
 Petrify                  Tmut/Erth      51%        N/A       1%          4
 Blade Hands              Tmut           37%        N/A       1%          5
 Manifold Assault         Tloc           67%        N/A       1%          5
 Sublimation of Blood     Necr           11%        N/A       2%          2
 Alistair's Intoxication  Tmut/Pois      36%        N/A       2%          5
 Tukima's Dance           Hex            11%        N/A       4%          3
 Sticky Flame             Conj/Fire      29%        2d5       5%          4
 Corpse Rot               Necr/Pois/Air  16%        N/A       12%         4
 Eringya's Noxious Bog    Tmut/Pois      27%        N/A       13%         6
 Lightning Bolt           Conj/Air       14%        1d28      14%         5
 Dispel Undead            Necr           11%        3d9       16%         4
 Agony                    Necr           11%        N/A       38%         5
 Borgnjor's Vile Clutch   Necr/Erth      5%         N/A       38%         5
 Silence                  Hex/Air        5%         N/A       38%         5
 Death Channel            Necr           5%         N/A       90%         6
 Summon Hydra             Summ           5%         N/A       100%        7
 Maxwell's Capacitive Co  Air            5%         ∞         100%        8


Dungeon Overview and Level Annotations

Branches:
Dungeon (15/15) Zot: 40332  Temple (0/1) D:5            Lair (6/6) D:9 Zot: 36439
  Swamp (1/4) Lair:2 Zot: 8851   Snake (3/4) Lair:3 Zot: 20382   Slime (0/5) Lair:6
    Orc (2/2) D:12 Zot: 15039     Elf (0/3) Orc:2        Vaults (0/5) D:14
 Depths (0/4) D:15          Sewer (visited)

Altars:
Ashenzari
Cheibriados
Fedhas
Hepliaklqana
Makhleb
Nemelex Xobeh
Trog
Uskayaw
Vehumet
The Shining One
Jiyva
Lugonu

Shops:
D:1 *   D:2 :   D:6 (   D:8 *   Orc:2 ![(=

Annotations:
D:2 1 runed translucent door, Crazy Yiuf
D:5 2 runed translucent doors
D:6 Sigmund
D:15 Nessos
Lair:3 2 exclusions
Lair:4 exclusion: 3 oklob plants, Rupert


Innate Abilities, Weirdness & Mutations

You are a creature of crystalline ice.
You have a powerful freezing melee attack.
Your maximum health is increased.
Your armour is entirely melded.
You are incapable of wielding weapons or throwing items.
You cannot wear most types of armour.
You are amphibious.
You can wear up to eight rings at the same time.
((Your skin changes colour to match your surroundings (Stealth+).))
((Your rubbery body absorbs attacks. (AC +1, EV +1)))
((You are camouflaged when in or above water. (Stealth+)))
((You have tentacles for arms and can constrict up to eight enemies at once.))
((You are partially covered in iridescent scales. (AC +2)))
You are somewhat resistant to further mutation.


Message History

You destroy the wraith!
Cheibriados thoroughly appreciates the change of pace.
You destroy the wraith!
Cheibriados thoroughly appreciates the change of pace.
You destroy the wraith!
Cheibriados appreciates the change of pace.
Cheibriados lowers the support of your attributes as your movement quickens.
The cyclops hits you!! Josephine hits you with a +0 dagger!
You punch Josephine! You freeze Josephine.
You kill Josephine!
Cheibriados thoroughly appreciates the change of pace.
You hear the crackling of a melting archway nearby.
The cyclops closely misses you.
Your Spellcasting skill increases to level 7!
You pummel the cyclops!! You freeze the cyclops.
You kill the cyclops!
Cheibriados appreciates the change of pace.
No target in view!
No target in view!
You warm up again.
Nessos the Markscentaur comes into view.
Marking area around Nessos as unsafe for travelling.
Casting: Ice Form (safe; 1% risk of failure)
Press: ? - help, Q - select action, (/) - cycle Dir - look around, f - activate You turn into a creature of crystalline ice.
You feel yourself speed up.
Nessos wields a +2 longbow of flaming.
It bursts into flame!
Nessos shoots an arrow.
The arrow completely misses you.
Nessos shoots an arrow.
The arrow hits you!! The arrow melts you!
Nessos shoots an arrow.
The arrow hits you! The arrow melts you!
* * * LOW HITPOINT WARNING * * *
Nessos shoots an arrow.
The arrow hits you!
* * * LOW HITPOINT WARNING * * *
The arrow melts you!
* * * LOW HITPOINT WARNING * * *
Nessos gestures wildly while chanting.
Nessos blinks!
Nessos shoots an arrow.
The arrow hits you!
* * * LOW HITPOINT WARNING * * *
The arrow melts you!
You die...

,* #.........#*,,,*,,,,,,,,,,* ,*
#.........#*......#**,,,,,* ,*
#.......).#*......#*,,,,,,* ,*
#.......(.#*......#*,,*,*,**
,****#.........#*......#*,*,*,*,*
,,,,,,.........#*......#,*,*,*,*,
,,,,,,.........##......#,,*,∩,*,,
,,,,,,,...............c#,*,*,*,*,
,,,,,,,.#.......Y......#*,*,*,*,,
,,,,,,,................#*,,*,*,,,
,,,,,,*##......##......#*,,,,,,**
,,,,,**,##.....#*....§.#**,,,,,*
,,,,,,,,,#.....#*......# *,,,,,*
,,,,,**,*#.....#*......# *,,,,,*
,,,,,,***......**......# *,,,,,*
,,,,,,,,,....,,**......# *,,,,,*
,,,,,,,,*,,,,,,**,,,,,,* *,,,,,*


You could see Nessos.

Vanquished Creatures
  Kirke (D:14)
  Josephine (D:15)
  3 hydras (Lair:6)
  4 boulder beetles
  6 two-headed ogres
  A death knight (D:13)
  2 centaur warriors (D:13)
  8 anacondas
  6 naga warriors
  3 tengu warriors
  2 shock serpents
  7 naga sharpshooters
  2 spriggans (Swamp:1)
  4 orc high priests
  Nergalle (Lair:3)
  A salamander mystic (Snake:3)
  3 sea snakes (Snake:1)
  6 naga ritualists
  A lindwurm (Lair:4)
  4 orc knights (Orc:2)
  4 orc sorcerers (Orc:2)
  9 ugly things
  9 mana vipers
  6 cyclopes
  4 elephants (Lair:6)
  3 manticores
  Joseph (D:7)
  28 black mambas
  2 guardian serpents
  5 naga magi
  4 salamanders
  4 cane toads
  A kobold demonologist (D:9)
  4 unseen horrors
  Maggie (D:7)
  A freezing wraith (D:13)
  A tengu conjurer (D:13)
  6 komodo dragons
  3 meliai (D:14)
  12 polar bears
  A merfolk (shapeshifter) (D:14)
  3 hornets
  7 trolls
  Prince Ribbit (D:8)
  2 tyrant leeches (Lair:2)
  2 raiju (Lair:6)
  15 slime creatures
  17 blink frogs
  7 dream sheep (Lair:6)
  A snapping turtle (shapeshifter) (D:14)
  A spriggan (shapeshifter) (D:14)
  54 yaks
  3 shadows
  Grum (D:11)
  6 hogs (D:14)
  4 wyverns
  14 wraiths
  2 basilisks
  15 vampire mosquitoes
  A swamp worm (Swamp:1)
  5 wargs
  4 acid dragons
  28 nagas
  14 water moccasins
  15 hell hounds (Lair:6)
  A sky beast (D:6)
  23 orc warriors
  A meliai simulacrum (D:14)
  13 black bears
  An ice beast (D:7)
  5 ogres
  17 wolves
  8 centaurs
  A phantom (D:7)
  5 kobold brigands
  A necrophage (D:7)
  4 gnoll sergeants
  10 bullfrogs
  4 scorpions
  5 wights
  A killer bee (D:7)
  5 howler monkeys
  7 electric eels
  A crimson imp (D:6)
  2 lava snakes (D:14)
  A jelly (D:4)
  19 orc priests
  2 hounds (D:5)
  A gnoll bouda (D:9)
  Jessica (D:2)
  8 iguanas
  20 orc wizards
  12 hell rats
  Robin (D:2)
  12 gnolls
  2 river rats
  15 adders
  2 shadow imps
  3 white imps
  An ufetubus (D:7)
  5 worms
  3 dart slugs
  69 orcs
  6 bats
  10 endoplasms
  6 giant cockroaches
  17 goblins
  16 hobgoblins
  27 kobolds
  5 quokkas
  11 ball pythons
  5 frilled lizards
  A goblin skeleton (D:6)
  A goblin zombie (D:6)
  A hobgoblin zombie (D:6)
  2 kobold zombies (D:6)
  An orc skeleton (D:6)
  An orc zombie (D:6)
  11 rats
810 creatures vanquished.

Vanquished Creatures (others)
  A centaur warrior (D:14)
  27 fungi
  61 plants
89 creatures vanquished.

Grand Total: 899 creatures vanquished

Notes
Turn   | Place    | Note
-------+----------+-------------------------------------------
     0 | D:1      | buhh the Octopode Transmuter began the quest for the Orb.
     0 | D:1      | Reached XP level 1. HP: 13/13 MP: 3/3
   304 | D:1      | Reached XP level 2. HP: 8/18 MP: 3/5
   703 | D:1      | Found Kieprir's General Store.
  1058 | D:2      | Found a runed translucent door.
  1059 | D:2      | Noticed Crazy Yiuf
  1120 | D:2      | Reached XP level 3. HP: 23/23 MP: 6/6
  1256 | D:2      | Found Esimp's Book Shoppe.
  1256 | D:2      | Noticed Jessica
  1260 | D:2      | Killed Jessica
  1261 | D:2      | Reached XP level 4. HP: 29/29 MP: 7/7
  1423 | D:2      | Found a hazy altar of Hepliaklqana.
  1692 | D:2      | Noticed Robin
  1723 | D:2      | Learned a level 2 spell: Wereblood
  1727 | D:2      | Learned a level 3 spell: Spider Form
  1794 | D:2      | Killed Robin
  2396 | D:3      | Reached XP level 5. HP: 28/35 MP: 8/8
  2895 | D:3      | Found a faded altar of an unknown god.
  3331 | D:4      | Found a snail-covered altar of Cheibriados.
  3352 | D:4      | Became a worshipper of Cheibriados the Contemplative
  3501 | D:4      | Noticed an ogre
  3514 | D:4      | Reached XP level 6. HP: 42/42 MP: 9/9
  3565 | D:4      | Noticed a black bear
  3575 | D:4      | Killed a black bear
  3576 | D:4      | Reached XP level 7. HP: 33/47 MP: 10/10
  3710 | D:4      | Found a glowing drain.
  3723 | Sewer    | Entered a sewer
  3751 | Sewer    | Reached * piety under Cheibriados
  3920 | Sewer    | Reached skill level 5 in Unarmed Combat
  4258 | Sewer    | Reached ** piety under Cheibriados
  4425 | D:4      | Reached skill level 5 in Dodging
  4699 | D:4      | Reached XP level 8. HP: 43/54 MP: 11/11
  4875 | D:4      | Found a radiant altar of Vehumet.
  5016 | D:5      | Entered Level 5 of the Dungeon
  5166 | D:5      | Found a large runed translucent door.
  5167 | D:5      | Found a large runed translucent door.
  5244 | D:5      | Found a sparkling altar of Nemelex Xobeh.
  5285 | D:5      | Reached skill level 5 in Fighting
  5403 | D:5      | Found a blossoming altar of Fedhas.
  5458 | D:5      | Found a staircase to the Ecumenical Temple.
  5809 | D:5      | Found a faded altar of an unknown god.
  5810 | D:5      | Found a hazy altar of Hepliaklqana.
  6038 | D:5      | Found a corrupted altar of Lugonu.
  6205 | D:6      | Reached *** piety under Cheibriados
  6300 | D:6      | Found a hide-covered altar of Uskayaw.
  6307 | D:6      | Noticed Sigmund
  6397 | D:6      | Found a glowing golden altar of the Shining One.
  6520 | D:6      | Found Bodubi's Antique Weapon Boutique.
  7019 | D:7      | Learned a level 4 spell: Ice Form
  7062 | D:7      | Reached XP level 9. HP: 57/62 MP: 12/12
  7135 | D:7      | Noticed Joseph
  7233 | D:7      | Killed Joseph
  7234 | D:7      | Reached skill level 5 in Transmutations
  7692 | D:7      | Identified the amulet of the Death Scarab {RegenMP rC+}
  7748 | D:7      | Noticed Maggie
  7765 | D:7      | Killed Maggie
  7766 | D:7      | Reached skill level 5 in Ice Magic
  7795 | D:7      | Reached **** piety under Cheibriados
  7831 | D:7      | Reached skill level 1 in Invocations
  8113 | D:7      | Found a bloodstained altar of Trog.
  8375 | D:7      | Reached skill level 2 in Invocations
  8412 | D:7      | Reached XP level 10. HP: 34/69 MP: 13/13
  8416 | D:7      | Reached skill level 3 in Invocations
  8622 | D:7      | Reached ***** piety under Cheibriados
  8718 | D:8      | Noticed a two-headed ogre
  8719 | D:8      | Found a broken altar of Ashenzari.
  8722 | D:8      | Killed a two-headed ogre
  8773 | D:8      | Noticed Prince Ribbit
  8782 | D:8      | Killed Prince Ribbit
  8784 | D:8      | Reached skill level 4 in Invocations
  9259 | D:8      | Found a burning altar of Makhleb.
  9311 | D:8      | Found Dilomah's Demolitions Depot.
  9905 | D:9      | Noticed a kobold demonologist
  9918 | D:9      | Killed a kobold demonologist
  9943 | D:10     | Entered Level 10 of the Dungeon
 10215 | D:9      | Reached skill level 5 in Invocations
 10219 | D:9      | Reached XP level 11. HP: 76/76 MP: 14/14
 10232 | D:9      | Reached skill level 8 in Fighting
 10236 | D:9      | Reached skill level 8 in Dodging
 10244 | D:10     | Reached skill level 8 in Unarmed Combat
 10530 | D:9      | Found a staircase to the Lair.
 10562 | Lair:1   | Entered Level 1 of the Lair of Beasts
 10630 | Lair:1   | Found a sparkling altar of Nemelex Xobeh.
 11073 | Lair:1   | Reached skill level 6 in Invocations
 11453 | Lair:1   | You fall into a shaft and drop 1 floor!
 11521 | Lair:2   | Reached ****** piety under Cheibriados
 11551 | Lair:2   | Reached skill level 8 in Transmutations
 11631 | Lair:2   | Noticed a boulder beetle
 11642 | Lair:2   | Killed a boulder beetle
 11823 | Lair:2   | Found a staircase to the Swamp.
 11827 | Lair:2   | Reached skill level 7 in Invocations
 12504 | Lair:3   | Reached XP level 12. HP: 84/84 MP: 12/17
 12938 | Lair:3   | Found a staircase to the Snake Pit.
 13098 | Lair:3   | Noticed Nergalle
 13104 | Lair:3   | Killed Nergalle
 13994 | Lair:4   | HP: 5/103 [cane toad (6)]
 14030 | Lair:4   | Reached skill level 8 in Invocations
 15080 | Lair:4   | Noticed Rupert
 15212 | Lair:4   | Noticed a death yak
 15212 | Lair:4   | Noticed a death yak
 15213 | Lair:4   | Noticed a death yak
 15213 | Lair:4   | Noticed a death yak
 15213 | Lair:4   | Noticed a death yak
 15214 | Lair:4   | Noticed a death yak
 15327 | Lair:5   | Reached skill level 10 in Fighting
 15444 | Lair:5   | Reached skill level 10 in Dodging
 15444 | Lair:5   | Reached skill level 10 in Unarmed Combat
 15452 | Lair:5   | Reached XP level 13. HP: 46/92 MP: 13/19
 15884 | Lair:5   | Reached skill level 9 in Invocations
 16461 | Lair:6   | Entered Level 6 of the Lair of Beasts
 16461 | Lair:6   | Found a viscous altar of Jiyva.
 16461 | Lair:6   | Found a staircase to the Slime Pits.
 16991 | Lair:6   | Identified the +2 short sword of the Thirsty Lies {drain,
                  | Dex+2}
 17144 | Lair:6   | Reached skill level 10 in Transmutations
 18246 | Lair:6   | Reached skill level 10 in Invocations
 20046 | D:10     | Reached XP level 14. HP: 101/101 MP: 17/21
 20199 | D:10     | Found the +18 Lear's hauberk
 20633 | D:11     | Noticed Grum
 20639 | D:11     | Killed Grum
 22177 | D:12     | Found a staircase to the Orcish Mines.
 22219 | Orc:1    | Entered Level 1 of the Orcish Mines
 23085 | Orc:2    | Entered Level 2 of the Orcish Mines
 23288 | Orc:2    | Found a staircase to the Elven Halls.
 23318 | Orc:2    | Found a bloodstained altar of Trog.
 23394 | Orc:2    | Reached skill level 11 in Invocations
 23710 | Orc:2    | Found Geqipteg's Jewellery Shop.
 23726 | Orc:2    | Found Wechiseg's Armour Emporium.
 23733 | Orc:2    | Found Fauceus's Distillery.
 23733 | Orc:2    | Found Ritisk's Weapon Emporium.
 23781 | Orc:2    | Bought a potion of magic for 128 gold pieces
 23781 | Orc:2    | Bought a potion of might for 64 gold pieces
 23781 | Orc:2    | Bought a potion of might for 64 gold pieces
 23781 | Orc:2    | Bought a potion of brilliance for 64 gold pieces
 23781 | Orc:2    | Bought a potion of brilliance for 64 gold pieces
 23781 | Orc:2    | Bought a potion of mutation for 128 gold pieces
 24014 | Orc:2    | Bought a potion of attraction for 48 gold pieces
 24017 | Orc:2    | Bought a +1 buckler of reflection for 148 gold pieces
 24038 | Orc:2    | Bought a +6 ring of dexterity for 540 gold pieces
 24042 | Orc:2    | Bought a ring of willpower for 375 gold pieces
 24330 | D:2      | Bought a book of Spatial Translocations for 338 gold pieces
 24336 | D:2      | Learned a level 5 spell: Irradiate
 24610 | Swamp:1  | Entered Level 1 of the Swamp
 24815 | Snake:1  | Entered Level 1 of the Snake Pit
 25058 | Snake:1  | Reached skill level 12 in Invocations
 25082 | Snake:1  | Reached XP level 15. HP: 85/108 MP: 24/24
 25565 | Snake:1  | Reached skill level 13 in Invocations
 26479 | Snake:2  | Gained mutation: You sometimes lose your temper in combat.
                  | [mutagenic glow]
 27222 | Snake:2  | Reached skill level 5 in Conjurations
 27466 | Snake:2  | Lost mutation: You sometimes lose your temper in combat.
                  | [potion of mutation]
 27466 | Snake:2  | Gained mutation: You are partially covered in iridescent
                  | scales. (AC +2) [potion of mutation]
 27466 | Snake:2  | Gained mutation: You are somewhat resistant to further
                  | mutation. [potion of mutation]
 28450 | Snake:2  | Identified the +9 ring mail of the Floral Hot Ocelot
                  | {*Corrode Int+9}
 28498 | Snake:2  | Reached skill level 5 in Translocations
 29607 | Snake:3  | Reached skill level 8 in Translocations
 29680 | Snake:3  | Reached XP level 16. HP: 29/114 MP: 15/25
 30524 | D:12     | Identified 4 scrolls of acquirement
 30543 | D:12     | Acquired 1021 gold pieces
 30545 | D:12     | Acquired the ring of the Lizard {Fly Slay+4}
 30560 | D:12     | Acquired a ring of see invisible
 30562 | D:12     | Acquired 913 gold pieces
 31669 | D:13     | Reached skill level 10 in Translocations
 32706 | D:13     | Reached skill level 5 in Spellcasting
 33294 | D:14     | Found a radiant altar of Vehumet.
 33294 | D:14     | Noticed Kirke
 33301 | D:14     | Killed Kirke
 33342 | D:14     | Identified the +1 pair of boots of the Peculiar Hells
                  | {rElec rPois rC++ Str-4}
 33548 | D:14     | Found a gate to the Vaults.
 34344 | D:15     | Entered Level 15 of the Dungeon
 34430 | D:15     | Noticed Josephine
 34437 | D:15     | Killed Josephine
 34441 | D:15     | Noticed Nessos
 34444 | D:15     | HP: 2/136 [Nessos/arrow (11)]
 34444 | D:15     | Shot with an arrow by Nessos

Illustrated notes

Levels and vault maps discovered:
D:1:      tarquinn_simple_flora_water_a, layout_loops_ring, serial_shops, shop
D:2:      layout_basic, serial_shops, shop, basic_altar, minmay_splitting_lines,
          uniq_jessica, uniq_crazy_yiuf_cottage, uniq_robin
D:3:      layout_loops_cross, ebering_ecumenical_altar_rust
D:4:      layout_cave_pools, lemuel_tele_altar, cheibrodos_worm_habitat,
          portal_sewer_entry_e
D:5:      due_chaos_kobolds, layout_basic, beargit_hepliaklqana_dungeon_heroes,
          fedhas_ov_isle_minmay, kennysheep_little_box
D:6:      layout_loops_ring, mainiacjoe_overflow_boulevard,
          nicolae_tso_besieged_by_evil, general_overflow_altar, serial_rivers,
          chequers_serial_rivers_small_3, chequers_serial_rivers_small_a,
          chequers_serial_rivers_small_b, chequers_serial_rivers_micro_b,
          serial_shops, nicolae_shop_stone,
          nicolae_concentric_dashed_squares_wild, chequers_decorated_corner,
          uniq_sigmund
D:7:      layout_gridville, trog_hazing_becter, enter_bailey_5,
          minmay_joined_circles, uniq_maggie, uniq_joseph
D:8:      layout_rooms, mainiacjoe_overflow_catwalk, bloody_makhleb,
          nicolae_blasting_shop, uniq_prince_ribbit1
D:9:      wad_lake_hut, layout_irregular_city, minmay_lair_entry_grove
D:10:     layout_roguey [special_room_orc], minivault_10, serial_bayou_ford_a,
          minivault_14, minmay_misc_feat_rows, minmay_tree_intersection,
          hangedman_abyss_or_decor_lesser_grid, hellmonk_guarded_unrand_lears
D:11:     layout_stronghold, nrook_guardian_serpent_ordinary, uniq_grum
D:12:     minmay_razor_zed, layout_basic, orc_0_dummy, kennysheep_nub,
          lemuel_nasty_fountain
D:13:     layout_roguey
D:14:     layout_layer_cave, david_vaults_2, nicolae_kite_square_tiling_tiny,
          nrook_campfire, fiery_altar_vehumet, uniq_kirke
D:15:     grunt_enter_depths_snipers, layout_long_grid, serial_ice,
          serial_ice_b, serial_ice_k, serial_ice_d, serial_ice_a,
          portal_ice_cave_entry_pillars_four, chequers_serial_rivers_micro_e,
          uniq_josephine, uniq_nessos
Lair:1:   layout_regular_city, basic_altar, lemuel_fruit_tree,
          serial_bayou_shore_b
Lair:2:   layout_long_grid, minmay_swamp_entry_worms,
          chequers_serial_rivers_micro_d, grunt_megastairs_1
Lair:3:   layout_cave_pods, minmay_snake_entry_guardpost_medium,
          chequers_serial_rivers_small_b, infiniplex_staircase_pool_2,
          serial_bayou_shore_a, uniq_nergalle
Lair:4:   layout_regular_city, dpeg_oklob_1, grunt_megastairs_3, uniq_rupert
Lair:5:   layout_cave_pods, dreamdust_deal_with_the_devil,
          cheibrodos_lair_reptile_den
Lair:6:   hangedman_lair_caniforms_friends, layout_loops_ring, slime_entry_1,
          nicolae_lair_lil_pond, chequers_serial_rivers_small_a
Swamp:1:  layout_basic_swamp, evilmike_swamp_ruin_rubble_2, uniq_roxanne
Snake:1:  layout_basic, grunt_ministairs_5, nicolae_snake_springs
Snake:2:  layout_chambers, hangedman_venom_bottle
Snake:3:  layout_layer_cave, grunt_ministairs_3, minmay_shoptagon
Orc:1:    layout_caves, nicolae_orc_pool_cavern
Orc:2:    st_orc_elflike, layout_caves, basic_altar, mines1_david

Skill      XL: |  1  2  3  4  5  6  7  8  9 10 11 12 13 14 15 16 |
---------------+-------------------------------------------------+-----
Stealth        | 1 2 |  2.0
Poison Magic   | 1 2 |  2.0
Fighting       | 2 3 4 6 7 8 10 11 12 | 12.0
Dodging        | 3 4 5 6 7 8 10 11 12 | 12.0
Unarmed Combat | 4 5 6 7 8 10 11 12 | 12.0
Ice Magic      | 3 5 |  5.0
Transmutations | 3 5 7 8 9 10 11 12 | 12.0
Invocations    | 2 5 7 8 10 12 13 | 13.0
Conjurations   | 5 |  5.3
Translocations | 8 10 | 10.0
Spellcasting   | 7 |  7.1

Action                   |  1- 3 |  4- 6 |  7- 9 | 10-12 | 13-15 | 16-18 || total
-------------------------+-------+-------+-------+-------+-------+-------++-------
Melee: Unarmed           |    46 |   124 |   378 |   444 |   777 |   234 ||  2003
       Kick              |    12 |    25 |    59 |     1 |       |       ||    97
       Constrict         |    10 |    26 |    45 |     1 |     5 |       ||    87
       Tentacles         |    12 |    19 |    30 |       |     6 |       ||    67
       Punch             |       |     1 |    12 |       |     1 |       ||    14
 Cast: Beastly Appendage |    19 |    26 |    38 |     1 |       |       ||    84
       Spider Form       |       |     5 |    28 |     1 |       |       ||    34
       Wereblood         |       |     1 |     3 |    14 |    13 |       ||    31
       Ice Form          |       |       |     2 |    60 |   120 |    39 ||   221
       Irradiate         |       |       |       |       |    18 |       ||    18
Invok: Slouch            |       |       |       |     1 |    13 |     6 ||    20
       Step From Time    |       |       |       |     1 |     4 |       ||     5
Evoke: Wand              |       |       |       |     5 |    11 |       ||    16
  Use: Potion            |       |     2 |     1 |     6 |     3 |       ||    12
       Scroll            |       |       |     9 |     2 |       |    18 ||    29
 Stab: Sleeping          |     7 |     5 |     7 |     3 |     4 |     3 ||    29
Armor: Skin              |     3 |    39 |    18 |    85 |   141 |    42 ||   328
Dodge: Dodged            |    24 |   109 |   330 |   531 |  1274 |   310 ||  2578

Table legend: (Time is in decaauts)
 A = Elapsed time spent in this place.
 B = Non-inter-level travel time spent in this place.
 C = Inter-level travel time spent in this place.
 D = Time resting spent in this place.
 E = Time spent auto-exploring this place.
 F = Levels seen in this place.
 G = Mean time per level.
                   A        B        C        D        E       F      G
               +--------+--------+--------+--------+--------+-----+--------+
         Total |  48063 |  44904 |   3159 |   1229 |  38254 |  28 | 1716.5 |
       Dungeon |  24006 |  22598 |   1408 |    257 |  19637 |  15 | 1600.4 |
          Lair |  13491 |  12443 |   1048 |      0 |  11151 |   6 | 2248.5 |
         Swamp |    149 |    149 |      0 |    133 |      0 |   1 |  149.0 |
     Snake Pit |   6616 |   6416 |    200 |    839 |   4836 |   3 | 2205.3 |
  Orcish Mines |   2956 |   2454 |    502 |      0 |   2072 |   2 | 1478.0 |
         Sewer |    843 |    843 |      0 |      0 |    556 |   1 |  843.0 |
               +--------+--------+--------+--------+--------+-----+--------+

Top non-repeatable levels by time:
 Snake:2: 3708 daAuts
  Lair:6: 2682 daAuts
  Lair:3: 2631 daAuts
    D:12: 2509 daAuts
    D:14: 2364 daAuts
     D:7: 2279 daAuts
    D:11: 2132 daAuts
    D:10: 2126 daAuts
  Lair:1: 2107 daAuts
  Lair:2: 2044 daAuts
  Lair:5: 2035 daAuts
 Snake:1: 1996 daAuts
  Lair:4: 1990 daAuts
     D:9: 1805 daAuts
   Orc:1: 1697 daAuts
